 Dungeon Crawl Stone Soup version 0.31-a0-971-g75a2e9a4b4 (webtiles) character file.

Game seed: 8301131470570045354

465 BinkBink the Ruffian (level 6, -15/59 HPs)
             Began as a Troll Shapeshifter on Oct 28, 2023.
             Was an Initiate of Qazlal.
             Demolished by an ogre
             ... wielding a +0 giant club
              (25 damage)
             ... on level 5 of the Dungeon.
             The game lasted 00:03:23 (2681 turns).

BinkBink the Ruffian (Troll Shapeshifter)           Turns: 2681, Time: 00:03:23

Health: -15/59     AC:  4    Str: 23    XL:     6   Next: 80%
Magic:  5/5        EV: 10    Int:  6    God:    Qazlal [......]
Gold:   60         SH:  0    Dex: 11    Spells: 5/5 levels left

rFire   . .          .
                       - Unarmed
rCold   . . .        (no shield)
rNeg    . . .        a - +0 animal skin
rPois   .            (helmet currently unavailable)
rElec   .            (cloak currently unavailable)
rCorr   .            (gloves unavailable)
SInv    .            (boots unavailable)
Will    .....        (no amulet)
Stlth   +            (no ring)
HPRegen 1.09/turn    (no ring)
MPRegen 0.09/turn

%: no passive effects
@: beast-form
A: beast (slay +2), large, unfitting armour, claws 3, regeneration 1, shaggy fur
1, tough skin 1
a: Begin Untransformation, Renounce Religion


You were on level 5 of the Dungeon.
You worshipped Qazlal.
Qazlal was noncommittal.
You were a hulking beast.
You visited 2 branches of the dungeon, and saw 6 of its levels.

You collected 74 gold pieces.
You spent 14 gold pieces at shops.

Inventory:

Missiles
 u - a throwing net
Armour
 a - a +0 animal skin (worn)
Jewellery
 i - an amulet of magic regeneration
 m - a +6 ring of dexterity
 v - a +4 ring of slaying
Talismans
 c - a beast talisman (active)
 d - a flux talisman
Scrolls
 g - a scroll of identify {unknown}
 j - a scroll of teleportation {unknown}
 l - 2 scrolls of noise {unknown}
 o - 3 scrolls of poison {unknown}
 p - a scroll of silence {unknown}
 s - a scroll of enchant armour {unknown}
 t - a scroll of immolation {unknown}
Potions
 b - a potion of lignification
 e - a potion of heal wounds {unknown}
 f - 2 potions of curing
 h - 2 potions of might {unknown}
 k - a potion of haste {unknown}
 n - a potion of degeneration
 q - a potion of resistance {unknown}
 r - a potion of ambrosia {unknown}


   Skills:
 + Level 2.9 Fighting
 + Level 3.3 Dodging
 + Level 4.6 Unarmed Combat
 + Level 4.4 Shapeshifting


You had 5 spell levels left.
You didn't know any spells.
Your spell library contained the following spells:

 Spells                   Type           Power      Damage    Failure   Level
 Summon Small Mammal      Summ           0%         N/A       45%         1
 Blink                    Tloc           0%         N/A       58%         2
 Ensorcelled Hibernation  Hex/Ice        0%         N/A       58%         2
 Passwall                 Tmut/Erth      0%         N/A       58%         2
 Call Canine Familiar     Summ           0%         N/A       83%         3
 Summon Guardian Golem    Hex/Summ       0%         N/A       83%         3
 Swiftness                Air            0%         N/A       83%         3
 Manifold Assault         Tloc           0%         N/A       99%         4


Dungeon Overview and Level Annotations

Branches:
Dungeon (5/15)             Temple (1/1) D:4

Altars:
Ashenzari
Dithmenos
Elyvilon
Fedhas
Gozag
Hepliaklqana
Kikubaaqudgha
Nemelex Xobeh
Okawaru
Qazlal
Ru
Sif Muna
Trog
Wu Jian
Zin

Shops:
D:2 *   D:4 *


Innate Abilities, Weirdness & Mutations

You are a hulking beast.
Your limbs bulge with bestial killing power. (Slay +2)
You are too large for most types of armour.
You have claws for hands.
Your natural rate of healing is unusually fast.
You are covered in fur. (AC +1)
You have tough skin. (AC +1)


Message History

The gnoll is almost dead.
The gnoll hits you with a +0 flail.
You claw the gnoll!
You kill the gnoll!
Qazlal accepts your kill. The gnoll attacks as it pursues you!
The gnoll barely misses you.
An ogre comes into view. It is wielding a +0 giant club.
The ogre shouts!
It was a potion of curing.
You feel better. The gnoll closely misses you. The gnoll closely misses you.
The gnoll hits you from afar with a +0 spear.
You claw the gnoll!
You kill the gnoll!
Qazlal accepts your kill. The gnoll hits you but does no damage.
The gnoll hits you with a +0 spear.
You see here a +0 halberd.
You scratch the gnoll.
The gnoll is lightly wounded.
The gnoll hits you but does no damage. The gnoll hits you with a +0 spear.
You claw the gnoll!
You kill the gnoll!
Qazlal accepts your kill. The gnoll hits you with a +0 spear.
You claw the gnoll!
The gnoll is almost dead.
The gnoll closely misses you.
You claw the gnoll!
You kill the gnoll!
Qazlal accepts your kill.
You claw the ogre!
The ogre is moderately wounded.
The ogre hits you with a +0 giant club!!
* * * LOW HITPOINT WARNING * * *
The orc hits you but does no damage.
You claw the ogre!
The ogre is severely wounded.
The orc hits you with a +0 whip.
* * * LOW HITPOINT WARNING * * *
The ogre hits you with a +0 giant club!!
You die...

... ... #.# #.#
#.# #.# #.# #.#
#.# .#### #O#
#.#
......####h#)#.#
......)))o)#.#.#
#####.####...#.#
# #.###.#
#.####.###.###
#......#.....#
..............#
.#.(..#.#.#.#.#
#....#.#.###.#


You could see an ogre and an orc.

Vanquished Creatures
  An ogre (D:4)
  A phantom (D:5)
  A gnoll bouda (D:5)
  Natasha (thrice) (D:4)
  8 gnolls
  3 adders
  2 shadow imps (D:5)
  2 dart slugs (D:4)
  6 orcs
  14 endoplasms
  2 giant cockroaches (D:1)
  8 goblins
  3 hobgoblins
  2 jackals (D:4)
  4 kobolds
  A quokka (D:2)
  3 ball pythons
  7 bats
  3 frilled lizards (D:2)
  4 rats
78 creatures vanquished.

Notes
Turn   | Place    | Note
-------+----------+-------------------------------------------
     0 | D:1      | BinkBink the Troll Shapeshifter began the quest for the
                  | Orb.
     0 | D:1      | Reached XP level 1. HP: 18/18 MP: 0/0
    93 | D:1      | Reached skill level 1 in Fighting
   226 | D:1      | Reached XP level 2. HP: 27/27 MP: 1/1
   300 | D:1      | Reached XP level 3. HP: 33/33 MP: 2/2
  1191 | D:2      | Found Fymim's General Store.
  1199 | D:2      | Bought a potion of degeneration for 14 gold pieces
  1487 | D:3      | Found a hazy altar of Hepliaklqana.
  1572 | D:3      | Reached XP level 4. HP: 39/41 MP: 3/3
  1841 | D:4      | Found Vuhaidof's General Store.
  1852 | D:4      | Noticed Natasha
  1857 | D:4      | Killed Natasha
  2028 | D:4      | Found a staircase to the Ecumenical Temple.
  2035 | Temple   | Entered the Ecumenical Temple
  2047 | Temple   | Became a worshipper of Qazlal Stormbringer
  2129 | D:4      | Noticed an ogre
  2135 | D:4      | Killed an ogre
  2136 | D:4      | Reached XP level 5. HP: 49/49 MP: 4/4
  2189 | D:4      | Noticed Natasha
  2210 | D:4      | Killed Natasha
  2310 | D:4      | Noticed Natasha
  2313 | D:4      | Killed Natasha
  2314 | D:4      | Reached XP level 6. HP: 57/59 MP: 5/5
  2394 | D:5      | Entered Level 5 of the Dungeon
  2681 | D:5      | Demolished by an ogre

Illustrated notes

Levels and vault maps discovered:
D:1:      minmay_arrival_open_corners, layout_basic, minivault_23,
          minmay_indecisive_spiral
D:2:      layout_basic, serial_shops, shop, roderic_serpentine_path
D:3:      layout_basic, lemuel_tele_altar, minmay_surrounded
D:4:      layout_rooms, minmay_temple_entry_hall, serial_shops,
          nicolae_stop_n_shop_2, abandoned_shop, chequers_serial_rivers_large_a,
          uniq_natasha
D:5:      layout_basic, mainiacjoe_overflow_paths, uniq_grinder
Temple:   nicolae_temple_great_sept

Skill      XL: |  1  2  3  4  5  6 |
---------------+-------------------+-----
Fighting       | 1 2 |  2.9
Dodging        | 2 3 |  3.3
Unarmed Combat | 4 |  4.6
Shapeshifting  | 4 |  4.4

Action                     |  1- 3 |  4- 6 || total
---------------------------+-------+-------++-------
  Melee: Unarmed           |    95 |    88 ||   183
         Punch             |       |     4 ||     4
    Use: Potion            |       |     1 ||     1
   Stab: Sleeping          |       |     3 ||     3
 Armour: Animal skin       |    48 |    50 ||    98
  Dodge: Dodged            |    38 |    37 ||    75
   Form: Beast             |     1 |       ||     1

Table legend: (Time is in decaauts)
 A = Elapsed time spent in this place.
 B = Non-inter-level travel time spent in this place.
 C = Inter-level travel time spent in this place.
 D = Time resting spent in this place.
 E = Time spent auto-exploring this place.
 F = Levels seen in this place.
 G = Mean time per level.
                   A        B        C        D        E       F      G
               +--------+--------+--------+--------+--------+-----+--------+
         Total |   2676 |   2575 |    101 |      4 |   2111 |   6 |  446.0 |
       Dungeon |   2651 |   2573 |     78 |      4 |   2111 |   5 |  530.2 |
        Temple |     24 |      1 |     23 |      0 |      0 |   1 |   24.0 |
               +--------+--------+--------+--------+--------+-----+--------+

Top non-repeatable levels by time:
     D:1: 684 daAuts
     D:2: 671 daAuts
     D:4: 533 daAuts
     D:3: 478 daAuts
     D:5: 283 daAuts
  Temple: 24 daAuts
